 Dungeon Crawl Stone Soup version 0.28.0 (webtiles) character file.

Game seed: 12869881195590928788

113 Strat the Ruffian (level 4, 0/44 HPs)
             Began as a Troll Fighter on Feb 10, 2022.
             Slain by an orc wizard (2 damage)
             ... on level 4 of the Dungeon.
             The game lasted 00:03:54 (1695 turns).

Strat the Ruffian (Troll Fighter)                   Turns: 1695, Time: 00:03:54

Health: 0/44       AC:  4    Str: 26    XL:     4   Next: 65%
Magic:  3/3        EV:  8    Int:  4    God:
Gold:   96         SH:  0    Dex:  9    Spells: 3/3 levels left

rFire   . . .      SeeInvis .     - Unarmed
rCold   . . .      Faith    .   b - +0 kite shield
rNeg    . . .      Spirit   .   a - +0 robe
rPois   .          Reflect  .   (helmet restricted)
rElec   .          Harm     .   (no cloak)
rCorr   .          Rampage  .   (gloves unavailable)
Will    .....                   (boots unavailable)
Stlth   +.........              (no amulet)
HPRegen 0.94/turn               (no ring)
MPRegen 0.08/turn               (no ring)

@: confused
A: large, unfitting armour, claws 3, regeneration 1, shaggy fur 1, tough skin 1
a: no special abilities


You were on level 4 of the Dungeon.
You visited 1 branch of the dungeon, and saw 4 of its levels.

You collected 96 gold pieces.

Inventory:

Hand Weapons
 p - a +0 flail
Missiles
 i - 95 stones (quivered)
 l - 9 poisoned darts
Armour
 a - a +0 robe (worn)
 b - a +0 kite shield (worn)
Wands
 k - a wand of flame (11)
Scrolls
 d - a scroll of teleportation {unknown}
 j - 2 scrolls of enchant weapon {unknown}
 o - a scroll of holy word {unknown}
Potions
 c - a potion of might
 e - 2 potions of brilliance {unknown}
 f - a potion of berserk rage {unknown}
 g - a potion of cancellation {unknown}
 h - a potion of flight {unknown}
 m - a potion of curing {unknown}
 n - a potion of mutation {unknown}


   Skills:
 - Level 2.4 Fighting
 - Level 2.4 Dodging
 + Level 3.5 Shields
 + Level 3.7 Unarmed Combat


You had 3 spell levels left.
You didn't know any spells.
Your spell library was empty.

Dungeon Overview and Level Annotations

Branches:
Dungeon (4/15)
 Temple: D:4-7

Altars:
Dithmenos
Gozag

Annotations:
D:4 Pikel


Innate Abilities, Weirdness & Mutations

You are too large for most types of armour.
You have claws for hands.
Your natural rate of healing is unusually fast.
You are covered in fur. (AC +1)
You have tough skin. (AC +1)


Message History

A lemure comes into view.
Something hits you but does no damage.
You feel sick.
The lemure shouts!
Pikel says, "All the lords of Hell know my name!"
You hear some strange, mumbled words.
You are more confused.
You hear some strange, mumbled words.
A puff of flame appears from out of thin air!
The puff of flame misses you.
A lemure comes into view.
You feel sick. Something hits you.
* * * LOW HITPOINT WARNING * * *
Something hits you but does no damage.
You feel sick.
Things that are here:
a +0 short sword; a kobold corpse You feel sick.
Something hits you.
* * * LOW HITPOINT WARNING * * *
Something hits you but does no damage.
You barely miss something.
You feel sick.
You are no longer poisoned.
A lemure comes into view.
The lemure barely misses you. Pikel barely misses you.
You hear some strange, mumbled words.
You are more confused.
Something hits you.
* * * LOW HITPOINT WARNING * * *
You barely miss something. The lemure barely misses you. Something hits you.
* * * LOW HITPOINT WARNING * * *
Pikel hits you with a +0 whip of flaming.
* * * LOW HITPOINT WARNING * * *
Pikel burns you.
* * * LOW HITPOINT WARNING * * *
You hear some strange, mumbled words.
The lemure shouts!
Pikel zaps a wand.
The puff of flame hits you.
* * * LOW HITPOINT WARNING * * *
Something hits you.
You die...

................
.##....<....(.#
.......)....#####.
......†...........
.#.$....)<.....#
.##..$........##
........55.....#
.....$..K.##5....#
.#.....@5.........
#...###......####
#.... ........#
#.... #.........
## #..........
##.....!..
#........
##.#####.


You could see Pikel and 4 lemures.

Vanquished Creatures
  An orc wizard (D:4)
  A gnoll (D:2)
  An adder (D:2)
  2 worms
  A dart slug (D:4)
  4 ball pythons
  7 bats
  6 endoplasms
  4 giant cockroaches
  5 goblins
  6 hobgoblins
  4 jackals (D:1)
  A quokka (D:3)
  4 frilled lizards
  6 kobolds
  5 rats
58 creatures vanquished.

Notes
Turn   | Place    | Note
-------+----------+-------------------------------------------
     0 | D:1      | Strat the Troll Fighter began the quest for the Orb.
     0 | D:1      | Reached XP level 1. HP: 22/22 MP: 0/0
   119 | D:1      | Reached XP level 2. HP: 29/29 MP: 1/1
   528 | D:2      | Reached XP level 3. HP: 36/36 MP: 2/2
   822 | D:2      | Reached XP level 4. HP: 44/44 MP: 3/3
   943 | D:3      | Found a shadowy altar of Dithmenos.
   943 | D:3      | Found an opulent altar of Gozag.
  1685 | D:4      | Noticed Pikel
  1685 | D:4      | Noticed a lemure
  1686 | D:4      | Noticed a lemure
  1687 | D:4      | Noticed a lemure
  1691 | D:4      | Noticed a lemure
  1694 | D:4      | HP: 1/44 [Pikel/puff of flame (4)]
  1695 | D:4      | Slain by an orc wizard

Illustrated notes

Levels and vault maps discovered:
D:1:      dpeg_arrival_central, layout_basic
D:2:      minmay_alternating_diamond, layout_rooms, minmay_splitting_lines,
          minmay_surrounded
D:3:      layout_basic, gammafunk_temple_overflow_wave, serial_curves,
          eino_curves_01, eino_curves_04, minivault_11,
          nicolae_underground_beach
D:4:      black_bear_nest_1, layout_cave_pools, temple_fountains,
          cheibrodos_sewer_entry_sluice, uniq_grinder, uniq_pikel,
          uniq_crazy_yiuf_cottage, uniq_edmund

Skill      XL: |  1  2  3 |
---------------+----------+-----
Shields        | 3 |  3.5
Unarmed Combat | 3 |  3.7
Fighting       | |  2.4
Dodging        | |  2.4

Action                   |  1- 3 |  4- 6 || total
-------------------------+-------+-------++-------
Melee: Unarmed           |   128 |    42 ||   170
Armor: Robe              |    49 |    18 ||    67
Dodge: Dodged            |    51 |    21 ||    72
Block: Kite shield       |    55 |    15 ||    70
